 Dungeon Crawl Stone Soup version 0.27-a0-695-gb4952372f7 (webtiles) character file.

Game seed: 4197743394851276446

3678 quinnr the Conjurer (level 9, 0/72 HPs)
             Began as a White Draconian Conjurer on Mar 22, 2021.
             Was a Priest of Elyvilon.
             Slain by a yak (1 damage)
             ... on level 8 of the Dungeon.
             The game lasted 00:46:30 (14620 turns).

quinnr the Conjurer (White Draconian Conjurer)     Turns: 14620, Time: 00:46:31

Health: 0/72       AC:  9    Str:  9    XL:     9   Next: 90%
Magic:  9/18       EV: 13    Int: 22    God:    Elyvilon [***...]
Gold:   437        SH:  0    Dex: 10    Spells: 1/20 levels left

rFire    + . .     SeeInvis .   c - +3 whip (elec)
rCold    + . .     Faith    .   (no shield)
rNeg     . . .     Spirit   .   (armour unavailable)
rPois    .         Reflect  .   b - +2 hat
rElec    .         Harm     .   (no cloak)
rCorr    .         Rampage  .   (no gloves)
Will     .....                  (no boots)
Stlth    ++........             d - amulet of the acrobat
HPRegen  0.22/turn              x - ring of protection from fire
MPRegen  0.16/turn              (no ring)

@: no status effects
A: breathe frost, AC +7, unfitting armour, cold resistance 1, cold-blooded
a: Breathe Frost, Renounce Religion, Lesser Healing, Heal Other, Purification,
Divine Protection


You were on level 8 of the Dungeon.
You worshipped Elyvilon.
Elyvilon was most pleased with you.
You visited 2 branches of the dungeon, and saw 10 of its levels.

You collected 437 gold pieces.

Inventory:

Hand Weapons
 c - a +3 whip of electrocution (weapon)
 h - a +0 hunting sling
 z - a +4 morningstar
Missiles
 j - 259 stones
 n - 36 poisoned darts
 p - 4 boomerangs
 r - 60 sling bullets
 v - 2 curare-tipped darts (quivered)
Armour
 b - a +2 hat (worn)
Jewellery
 d - an amulet of the acrobat (around neck)
 x - a ring of protection from fire (right hand)
Wands
 k - a wand of random effects (14)
 D - a wand of iceblast (7)
Scrolls
 f - 2 scrolls of teleportation
 g - a scroll of acquirement {unknown}
 l - a scroll of enchant armour
 o - a scroll of vulnerability
 q - 4 scrolls of fear {unknown}
 u - a scroll of blinking {unknown}
 y - 2 scrolls of identify
 B - a scroll of holy word {unknown}
Potions
 a - 5 potions of brilliance
 e - 2 potions of ambrosia
 i - a potion of resistance {unknown}
 m - 2 potions of magic {unknown}
 s - 3 potions of attraction {unknown}
 t - a potion of might {unknown}
 w - a potion of mutation {unknown}
 A - 2 potions of flight {unknown}
 C - a potion of cancellation {unknown}


   Skills:
 - Level 4.4 Fighting
 - Level 2.0 Maces & Flails
 - Level 1.9(2.0) Slings
 - Level 0.4(1.3) Throwing
 - Level 4.2 Dodging
 - Level 3.4 Stealth
 - Level 6.0 Spellcasting
 - Level 7.0 Conjurations
 - Level 6.0 Hexes
 * Level 3.6 Ice Magic
 + Level 1.9 Air Magic
 - Level 3.0 Invocations
 - Level 1.4 Evocations


You had one spell level left.
You knew the following spells:

 Your Spells              Type           Power      Damage    Failure   Level
a - Magic Dart            Conj           100%       1d8       1%          1
b - Searing Ray           Conj           74%        3d6       1%          2
c - Dazzling Flash        Conj/Hex       70%        N/A       1%          3
d - Fulminant Prism       Conj/Hex       17%        3d11      6%          4
e - Freezing Cloud        Conj/Ice/Air   12%        6-21      94%         6
f - Mephitic Cloud        Conj/Pois/Air  19%        N/A       9%          3

Your spell library contained the following spells:

 Spells                   Type           Power      Damage    Failure   Level
 Conjure Flame            Conj/Fire      22%        6-21      6%          3
 Poisonous Vapours        Pois/Air       20%        N/A       10%         2
 Iskenderun's Mystic Bla  Conj/Tloc      22%        2d6       22%         4


Dungeon Overview and Level Annotations

Branches:
Dungeon (9/15)             Temple (1/1) D:6
   Lair: D:8-11         Orc: D:9-12

Altars:
Ashenzari
Cheibriados
Dithmenos
Elyvilon
Gozag
Hepliaklqana
Kikubaaqudgha
Makhleb
Nemelex Xobeh
Okawaru
Qazlal
Ru
Sif Muna
Trog
Uskayaw
Wu Jian
Xom
Yredelemnul
Zin
The Shining One

Shops:
D:8 *


Innate Abilities, Weirdness & Mutations

You can breathe waves of freezing cold.
You can buffet flying creatures when you breathe cold.
Your icy white scales are hard. (AC +7)
You cannot fit into any form of body armour.
Your flesh is cold resistant. (rC+)
You are cold-blooded and may be slowed by cold attacks.


Message History

Casting: Searing Ray (safe; 1% risk of failure)
Confirm with . or Enter, or press ? or * to list all spells.
The ogre is dazzled.
The ogre misses you.
You hit the ogre. Lightning courses through the ogre! You tail-slap the ogre.
The ogre is almost dead.
The ogre hits you with a +0 giant club!
You whack the ogre!
You kill the ogre!
You start resting.
Magic restored.
You start resting.
HP restored.
You climb downwards.
A wyvern zombie comes into view.
The wyvern zombie barely misses you. The yak barely misses you.
The yak closely misses you. The yak gores you.
There is a stone staircase leading up, spattered with blood here.
Unknown command.
The wyvern zombie bites you. The yak gores you! The yak closely misses you.
The yak gores you. The wyvern zombie bites you.
You climb upwards.
There is a stone staircase leading down here.
Unknown command.
Casting: Dazzling Flash (safe; 1% risk of failure)
Confirm with . or Enter, or press ? or * to list all spells.
The yak is dazzled.
The yak gores you but does no damage. The yak misses you.
The yak closely misses you.
You barely miss the yak. The yak gores you!! The yak gores you.
Casting: Dazzling Flash (safe; 1% risk of failure)
Confirm with . or Enter, or press ? or * to list all spells.
The yak is dazzled. x2; The yak gores you.
The yak gores you!
* * * LOW HITPOINT WARNING * * *
The yak gores you but does no damage.
Unknown command.
Casting: Dazzling Flash (safe; 1% risk of failure)
Confirm with . or Enter, or press ? or * to list all spells.
The yak is dazzled. x3; The yak gores you!
* * * LOW HITPOINT WARNING * * *
The yak barely misses you. The yak gores you.
You die...

####.................#....#.....#
...#.................#....#.....#
...#.................#....#.....#
...#.................'....#.....#
############.........#....#.....#
....#......#.........#....#.....#
....#......#.........#...##.....#
....#......#....Y....#...#......#
....#......#...Y@Y...#...#......#
....#......#.........#...#......'
....#......#.........#...#......#
....##'#####.........#...#......#
.....................#...#......#
.....................#...#....<.#
.....................#####......#
.................................
.................................


You could see 3 yaks.

Vanquished Creatures
  A meliai zombie (D:7)
  2 wyverns (D:8)
  5 sky beasts
  An orc warrior (D:7)
  5 ogres
  3 centaurs
  3 phantoms
  2 kobold brigands
  6 bullfrogs
  2 scorpions (D:6)
  A killer bee (D:8)
  8 wights (D:6)
  A howler monkey (D:6)
  A jelly (D:6)
  An orc priest (D:4)
  2 hounds
  2 bullfrog skeletons
  5 iguanas
  4 orc wizards
  Ijyb (D:3)
  2 worker ants
  A hound zombie (D:6)
  A hound skeleton (D:6)
  4 gnolls (D:4)
  A howler monkey skeleton (D:4)
  10 adders
  A shadow imp (D:8)
  A white imp (D:5)
  3 worms
  A dart slug (D:2)
  4 leopard geckos
  20 orcs
  4 giant cockroaches
  8 goblins
  7 hobgoblins
  11 jackals
  3 quokkas
  2 ball pythons
  6 bats
  2 frilled lizards (D:2)
  A jackal skeleton (D:4)
  A jackal zombie (D:5)
  26 kobolds
  A leopard gecko skeleton (D:5)
  A leopard gecko zombie (D:8)
  A quokka skeleton (D:4)
  7 rats
186 creatures vanquished.

Vanquished Creatures (others)
  4 fulminant prisms
  8 plants (D:3)
12 creatures vanquished.

Grand Total: 198 creatures vanquished

Notes
Turn   | Place    | Note
-------+----------+-------------------------------------------
     0 | D:1      | quinnr the Draconian Conjurer began the quest for the Orb.
     0 | D:1      | Reached XP level 1. HP: 14/14 MP: 3/3
   320 | D:1      | Reached XP level 2. HP: 20/20 MP: 0/5
   705 | D:1      | Learned a level 2 spell: Searing Ray
  1002 | D:1      | Reached XP level 3. HP: 26/26 MP: 3/6
  2474 | D:2      | Found a shimmering blue altar of Sif Muna.
  2945 | D:2      | Reached XP level 4. HP: 33/33 MP: 5/8
  3256 | D:3      | Found a sacrificial altar of Ru.
  3456 | D:3      | Reached skill level 1 in Slings
  3936 | D:3      | Found a white marble altar of Elyvilon.
  3944 | D:3      | quinnr: ??good gods
  3944 | D:3      | beem: good gods[1/2]: Elyvilon, the Shining One, Zin.
                  | Switching between them sets your piety to half of your old
                  | piety instead of the normal 15 (unless that would be below
                  | 15).
  3944 | D:3      | quinnr: ??good gods[2
  3944 | D:3      | beem: good gods[2/2]: They're false gods, as proven by the
                  | fact that those who went to the afterlife (ghosts) dump
                  | these three but not any other god.
  3944 | D:3      | Became a worshipper of Elyvilon the Healer
  4237 | D:4      | Noticed a sky beast
  4247 | D:4      | Killed a sky beast
  4248 | D:4      | Reached skill level 5 in Conjurations
  4248 | D:4      | Reached skill level 1 in Fighting
  4248 | D:4      | Reached XP level 5. HP: 41/41 MP: 1/9
  4252 | D:4      | Learned a level 3 spell: Dazzling Flash
  4485 | D:4      | HP: 4/41 [something (2)]
  4505 | D:4      | Reached skill level 1 in Maces & Flails
  4741 | D:4      | Noticed Ijyb
  4746 | D:4      | Elyvilon protects you from harm!
  5167 | D:3      | Killed Ijyb
  5168 | D:3      | Reached XP level 6. HP: 43/48 MP: 1/10
  5644 | D:4      | Reached skill level 1 in Hexes
  5853 | D:4      | Reached skill level 6 in Conjurations
  6234 | D:4      | Your scales start taking on an icy white colour.
  6234 | D:4      | Reached XP level 7. HP: 55/55 MP: 6/11
  6234 | D:4      | Gained mutation: Your flesh is cold resistant. (rC+) [White
                  | Draconian growth]
  6696 | D:4      | Reached * piety under Elyvilon
  6752 | D:4      | Found an iron altar of Okawaru.
  6752 | D:4      | Found a snail-covered altar of Cheibriados.
  6802 | D:5      | Entered Level 5 of the Dungeon
  7277 | D:5      | Found an ancient bone altar of Kikubaaqudgha.
  8304 | D:5      | Reached XP level 8. HP: 61/61 MP: 5/14
  8687 | D:6      | Found a staircase to the Ecumenical Temple.
  8693 | Temple   | Entered the Ecumenical Temple
  9081 | D:6      | Reached ** piety under Elyvilon
  9549 | D:6      | Found a shimmering altar of Xom.
  9573 | D:6      | Reached skill level 5 in Hexes
 10424 | D:6      | Reached skill level 5 in Spellcasting
 10424 | D:6      | Reached XP level 9. HP: 40/71 MP: 5/16
 10595 | D:6      | Reached skill level 7 in Conjurations
 10735 | D:6      | Reached skill level 1 in Invocations
 11206 | D:7      | Learned a level 4 spell: Fulminant Prism
 11733 | D:7      | Found an opulent altar of Gozag.
 13097 | D:8      | Reached skill level 1 in Evocations
 13399 | D:8      | Learned a level 6 spell: Freezing Cloud
 13403 | D:8      | Learned a level 3 spell: Mephitic Cloud
 13648 | D:8      | Reached skill level 1 in Ice Magic
 13765 | D:8      | Reached *** piety under Elyvilon
 13831 | D:8      | Found Renamulu's Demolitions Depot.
 13861 | D:8      | Reached skill level 1 in Air Magic
 14620 | D:8      | HP: 1/72 [yak (16)]
 14620 | D:8      | Slain by a yak

Illustrated notes

Levels and vault maps discovered:
D:1:      lemuel_arrival_rhombus, layout_rooms, item_on_display_a
D:2:      layout_basic, general_overflow_altar
D:3:      layout_rooms, nicolae_elyvilon_temple_path, overflow_temple_1_default,
          minmay_misc_feat_tiny, serial_bayou_pond_d
D:4:      layout_gridville, gammafunk_temple_overflow_wave,
          kennysheep_generic_room_6, uniq_ijyb
D:5:      minmay_razor_zed, layout_loops_ring,
          nicolae_kikubaaqudgha_miasma_corner, minivault_4
D:6:      layout_basic, kennysheep_mini, minmay_temple_entry_fiery
D:7:      layout_loops_ring, grunt_gozag_breadcrumbs,
          chequers_serial_rivers_small_3
D:8:      layout_gridville, nicolae_blasting_shop
D:9:      layout_cave_pods, fedhas_altar_1, kennysheep_mini_moat,
          hiddenorc2_lemuel, xom_teletrap_fun
Temple:   hc_temple_tempest_star

Skill      XL: |  1  2  3  4  5  6  7  8  9 |
---------------+----------------------------+-----
Dodging        | 2 3 4 |  4.2
Spellcasting   | 3 4 5 6 |  6.0
Slings         | 1 |  1.9
Conjurations   | 5 6 7 |  7.0
Fighting       | 1 2 4 |  4.4
Maces & Flails | 1 2 |  2.0
Hexes          | 2 4 5 6 |  6.0
Stealth        | 3 |  3.4
Invocations    | 3 |  3.0
Evocations     | 1 |  1.4
Ice Magic      | 3 |  3.6
Air Magic      | 1 |  1.9
Throwing       | |  0.4

Action                   |  1- 3 |  4- 6 |  7- 9 || total
-------------------------+-------+-------+-------++-------
Melee: Unarmed           |    10 |       |       ||    10
       Tailslap          |     3 |     6 |     8 ||    17
       Whip              |       |    52 |   112 ||   164
Throw: Stone             |     5 |     9 |       ||    14
       Dart              |       |    14 |     3 ||    17
       Boomerang         |       |       |     2 ||     2
 Cast: Magic Dart        |    83 |    64 |   175 ||   322
       Searing Ray       |     5 |    14 |    43 ||    62
       Dazzling Flash    |       |     7 |    41 ||    48
       Fulminant Prism   |       |       |     4 ||     4
 Abil: Breathe Frost     |       |       |     6 ||     6
  Use: Scroll            |       |     7 |     3 ||    10
       Potion            |       |     3 |       ||     3
 Stab: Sleeping          |     1 |       |       ||     1
       Invisible         |       |     1 |     7 ||     8
Armor: Skin              |    10 |    28 |    56 ||    94
Dodge: Dodged            |    19 |    36 |   155 ||   210

Table legend: (Time is in decaauts)
 A = Elapsed time spent in this place.
 B = Non-inter-level travel time spent in this place.
 C = Inter-level travel time spent in this place.
 D = Time resting spent in this place.
 E = Time spent auto-exploring this place.
 F = Levels seen in this place.
 G = Mean time per level.
                   A        B        C        D        E       F      G
               +--------+--------+--------+--------+--------+-----+--------+
         Total |  14677 |  13839 |    838 |   4716 |   7101 |  10 | 1467.7 |
       Dungeon |  14470 |  13639 |    831 |   4716 |   6902 |   9 | 1607.8 |
        Temple |    206 |    199 |      7 |      0 |    199 |   1 |  206.0 |
               +--------+--------+--------+--------+--------+-----+--------+

Top non-repeatable levels by time:
     D:3: 2280 daAuts
     D:6: 2059 daAuts
     D:4: 1924 daAuts
     D:7: 1920 daAuts
     D:5: 1792 daAuts
     D:2: 1717 daAuts
     D:8: 1436 daAuts
     D:1: 1334 daAuts
  Temple: 206 daAuts
     D:9: 5 daAuts
